 Dungeon Crawl Stone Soup version 0.29-a0-322-g68df515428 (webtiles) character file.

Game seed: 7671522198357510523

9 Hubjo the Vandal (level 2, 0/16 HPs)
             Began as a Deep Elf Wanderer on Apr 7, 2022.
             Slain by an endoplasm (3 damage)
             ... on level 1 of the Dungeon.
             The game lasted 00:00:43 (359 turns).

Hubjo the Vandal (Deep Elf Wanderer)                 Turns: 359, Time: 00:00:44

Health: 0/16       AC:  2    Str:  8    XL:     2   Next: 6%
Magic:  6/6        EV: 11    Int: 13    God:
Gold:   25         SH:  0    Dex: 18    Spells: 4/4 levels left

rFire   . . .      SeeInvis .   c - +0 dagger
rCold   . . .      Faith    .   (no shield)
rNeg    . . .      Spirit   .   e - +0 robe
rPois   .          Reflect  .   (no helmet)
rElec   .          Harm     .   (no cloak)
rCorr   .          Rampage  .   (no gloves)
Will    .....                   (no boots)
Stlth   ++........              (no amulet)
HPRegen 0.05/turn               (no ring)
MPRegen 0.10/turn               (no ring)

@: no status effects
A: no striking features
a: no special abilities


You were on level 1 of the Dungeon.
You visited 1 branch of the dungeon, and saw 1 of its levels.

You collected 25 gold pieces.

Inventory:

Hand Weapons
 a - a +2 hunting sling
 c - a +0 dagger (weapon)
Missiles
 b - 8 boomerangs (quivered)
Armour
 e - a +0 robe (worn)
Scrolls
 d - a scroll of blinking
Potions
 f - a potion of curing {unknown}
 g - a potion of resistance {unknown}


   Skills:
 * Level 0.4 Fighting
 - Level 3.2(3.6) Slings
 - Level 3.0(4.0) Throwing
 + Level 0.3 Dodging
 * Level 1.0 Stealth
 + Level 1.7 Spellcasting
 + Level 1.1 Air Magic
 + Level 1.4 Evocations


You had 4 spell levels left.
You didn't know any spells.
Your spell library contained the following spells:

 Spells                   Type           Power      Damage    Failure   Level
 Corpse Rot               Necr/Air       4%         N/A       30%         2
 Poisonous Vapours        Pois/Air       4%         N/A       30%         2


Dungeon Overview and Level Annotations

Branches:
Dungeon (1/15)

Altars:


Message History

A frilled lizard and an endoplasm come into view.
The frilled lizard hisses angrily. x2
The endoplasm quivers.
The frilled lizard closely misses you.
You hit the frilled lizard.
The frilled lizard is moderately wounded.
The frilled lizard completely misses you.
The frilled lizard bites you.
You hit the frilled lizard but do no damage.
The frilled lizard is moderately wounded.
The frilled lizard closely misses you. The frilled lizard bites you.
You are too injured to fight recklessly!
There are monsters nearby!
You see here a bat corpse.
You barely miss the frilled lizard. You closely miss the frilled lizard.
The frilled lizard is moderately wounded.
The frilled lizard closely misses you.
The frilled lizard bites you but does no damage.
You hit the frilled lizard but do no damage.
The frilled lizard is moderately wounded.
The frilled lizard bites you. The frilled lizard closely misses you.
You hit the frilled lizard.
The frilled lizard is severely wounded.
The frilled lizard bites you. x2
You hit the frilled lizard but do no damage.
The frilled lizard is severely wounded.
The frilled lizard closely misses you. The frilled lizard bites you.
* * * LOW HITPOINT WARNING * * *
You miss the frilled lizard.
The frilled lizard is severely wounded.
The frilled lizard barely misses you. The frilled lizard bites you.
* * * LOW HITPOINT WARNING * * *
You hit the frilled lizard.
You kill the frilled lizard!
The frilled lizard barely misses you.
You closely miss the frilled lizard. The frilled lizard bites you.
* * * LOW HITPOINT WARNING * * *
The endoplasm hits you.
You die...

..#.###..#...#.#..........#
..#.# ##.#...#.########.###
###.# #.#...#.# #.# #.#
#.....#.########.# #.#
##....#.......##.# #.#
###....#...###....# ...
...>..#...#$#....#
##.##.#.###.###..#
###.......#@J...#....
........###l###.###..#
###.........# ..) ..#
#.###.###.# .###..# .. .$..
#... .# ..# ## #####
###.### )# #


You could see an endoplasm and a frilled lizard.

Vanquished Creatures
  3 hobgoblins (D:1)
  A ball python (D:1)
  3 bats (D:1)
  2 frilled lizards (D:1)
  A goblin (D:1)
  A rat (D:1)
11 creatures vanquished.

Notes
Turn   | Place    | Note
-------+----------+-------------------------------------------
     0 | D:1      | Hubjo the Deep Elf Wanderer began the quest for the Orb.
     0 | D:1      | Hubjo set off with the following items: a +2 hunting sling,
                  | 8 boomerangs, a +0 dagger, a scroll of blinking, a +0 robe;
                  | and the following spells available to memorise: Corpse Rot,
                  | Poisonous Vapours
     0 | D:1      | Reached XP level 1. HP: 10/10 MP: 5/5
   227 | D:1      | Reached skill level 1 in Stealth
   335 | D:1      | Reached XP level 2. HP: 14/16 MP: 6/6
   359 | D:1      | Slain by an endoplasm

Illustrated notes

Levels and vault maps discovered:
D:1:      amcnicky_arrival_blooded_trapdoor, layout_basic, minmay_quantized

Skill      XL: |  1 |
---------------+----+-----
Stealth        | 1 |  1.0
Fighting       | |  0.4
Slings         | |  3.2
Throwing       | |  3.0
Dodging        | |  0.3
Spellcasting   | |  1.7
Air Magic      | |  1.1
Evocations     | |  1.4

Action                   || total
-------------------------++-------
Melee: Dagger            ||    24
 Fire: Hunting sling     ||    12
 Stab: Sleeping          ||     1
Armor: Robe              ||     5
Dodge: Dodged            ||    21

Table legend: (Time is in decaauts)
 A = Elapsed time spent in this place.
 B = Non-inter-level travel time spent in this place.
 C = Inter-level travel time spent in this place.
 D = Time resting spent in this place.
 E = Time spent auto-exploring this place.
 F = Levels seen in this place.
 G = Mean time per level.
                   A        B        C        D        E       F      G
               +--------+--------+--------+--------+--------+-----+--------+
         Total |    362 |    362 |      0 |      0 |    294 |   1 |  362.0 |
       Dungeon |    362 |    362 |      0 |      0 |    294 |   1 |  362.0 |
               +--------+--------+--------+--------+--------+-----+--------+

Top non-repeatable levels by time:
     D:1: 362 daAuts
